 Dungeon Crawl Stone Soup version 0.32-a0-391-gce5c0aab1b (webtiles) character file.

Game seed: 5901808813916019092

150 seren the Charlatan (level 5, 0/38 HPs)
             Began as a Coglin Artificer on Feb 19, 2024.
             Incinerated by a bombardier beetle (6 damage)
             ... with a burning spray
             ... on level 3 of the Dungeon.
             The game lasted 00:04:36 (1825 turns).

seren the Charlatan (Coglin Artificer)              Turns: 1825, Time: 00:04:36

Health: 0/38       AC:  6    Str: 10 (13) XL:     5   Next: 32%
Magic:  5/5        EV:  9    Int:  8 (10) God:
Gold:   131        SH:  0    Dex: 15 (16) Spells: 4/4 levels left

rFire   . . .        j - +0 dagger {Qing}
rCold   . . .        a - +0 rapier {Bianca}
rNeg    . . .        i - +0 scale mail
rPois   .            (no helmet)
rElec   .            (no cloak)
rCorr   .            (no gloves)
SInv    .            (no boots)
Will    .....        (no amulet)
Stlth   +            (no ring)
HPRegen 0.26/turn    (no ring)
MPRegen 0.09/turn

%: no passive effects
@: on fire, glowing, revved, stiff-legged, very slow
A: off-hand wielding, slow wielding, warmup strikes, warmup strides
a: no special abilities


You were on level 3 of the Dungeon.
You visited 1 branch of the dungeon, and saw 3 of its levels.

You collected 131 gold pieces.

Inventory:

Hand Weapons
 a - a +0 rapier (worn) {Bianca}
 j - a +0 dagger (weapon) {Qing}
Armour
 i - a +0 scale mail (worn)
Jewellery
 g - a +4 ring of slaying
 n - a ring of poison resistance
Wands
 c - a wand of flame (15) (quivered)
 d - a wand of charming (15)
 e - a wand of iceblast (5)
Scrolls
 l - a scroll of teleportation {unknown}
 o - a scroll of identify {unknown}
Potions
 b - a potion of mutation {unknown}
 f - 2 potions of curing
 h - a potion of lignification {unknown}
 k - a potion of attraction {unknown}
 p - a potion of degeneration


   Skills:
 + Level 2.2 Fighting
 * Level 0.7 Short Blades
 + Level 2.6 Armour
 + Level 2.0 Dodging
 + Level 2.0 Stealth
 + Level 4.9 Evocations


You had 4 spell levels left.
You didn't know any spells.
Your spell library contained the following spells:

 Spells                   Type           Power      Damage    Failure   Level
 Kiss of Death            Conj/Necr      0%         2d5       95%         1
 Ensorcelled Hibernation  Hex/Ice        0%         N/A       99%         2
 Confusing Touch          Hex            0%         N/A       100%        3
 Fugue of the Fallen      Necr           0%         N/A       100%        3
 Anguish                  Hex/Necr       0%         N/A       100%        4
 Dispel Undead            Necr           0%         3d6       100%        4
 Sculpt Simulacrum        Ice/Alch       0%         N/A       100%        6
 Ozocubu's Refrigeration  Ice            0%         4d7       100%        7
 Polar Vortex             Ice            0%         N/A       100%        9


Dungeon Overview and Level Annotations

Branches:
Dungeon (3/15)

Altars:
Xom

Annotations:
D:2 exclusion: downstairs
D:3 Grinder


Innate Abilities, Weirdness & Mutations

You can wield a second weapon in your off-hand.
It takes a long time for you to wield or remove held weapons.
Your first few attacks do less damage.
Your first movements take longer.


Message History

The burning spray hits you.
You are even more covered in liquid fire!
You hit the bombardier beetle but do no damage.
The bombardier beetle is heavily wounded.
You hit the bombardier beetle with your +0 rapier.
The liquid fire burns you!
You hit the bombardier beetle with your +0 dagger.
The bombardier beetle is severely wounded.
You hit the bombardier beetle with your +0 rapier.
The liquid fire burns you!
* * * LOW HITPOINT WARNING * * *
The bombardier beetle completely misses you.
You shake off some of the fire as you move.
The liquid fire burns you!
* * * LOW HITPOINT WARNING * * *
The bombardier beetle completely misses you.
You hit the bombardier beetle with your +0 dagger.
The bombardier beetle is almost dead.
You barely miss the bombardier beetle with your +0 rapier.
The liquid fire burns you!
* * * LOW HITPOINT WARNING * * *
The bombardier beetle barely misses you.
You hit the bombardier beetle but do no damage.
The bombardier beetle is almost dead.
You hit the bombardier beetle with your +0 dagger.
You kill the bombardier beetle!
The liquid fire burns you!
* * * LOW HITPOINT WARNING * * *
The frilled lizard bites you but does no damage.
Your Dodging skill increases to level 2!
Your Stealth skill increases to level 2!
You have reached level 5!
It was a potion of curing.
You feel better. The liquid fire burns you!
* * * LOW HITPOINT WARNING * * *
The frilled lizard misses you.
It was a potion of degeneration.
There was something very wrong with that liquid.
You feel weakened.
You feel dopey.
You feel clumsy. The liquid fire burns you!
You die...

##### #...######
#........#
##.####...####.#
......l@.## #.#
##.####### #.# #.#
#########.#
#..)......#
#.######### #.#
#.#
#.################


You could see a frilled lizard.

Vanquished Creatures
  A bombardier beetle (D:3)
  3 adders (D:2)
  A dart slug (D:2)
  A ribbon worm (D:2)
  An orc (D:3)
  5 ball pythons
  6 bats
  3 endoplasms (D:1)
  4 goblins
  9 hobgoblins
  4 kobolds
  A quokka (D:1)
  3 frilled lizards (D:1)
  4 rats
46 creatures vanquished.

Notes
Turn   | Place    | Note
-------+----------+-------------------------------------------
     0 | D:1      | seren the Coglin Artificer began the quest for the Orb.
     0 | D:1      | Reached XP level 1. HP: 15/15 MP: 1/1
    30 | D:1      | Reached skill level 1 in Dodging
   100 | D:1      | Reached skill level 1 in Stealth
   120 | D:1      | Reached XP level 2. HP: 20/21 MP: 2/2
   243 | D:1      | Reached XP level 3. HP: 17/26 MP: 3/3
   965 | D:2      | Found a shimmering altar of Xom.
  1052 | D:2      | Reached XP level 4. HP: 33/33 MP: 4/4
  1119 | D:2      | Found a faded altar of an unknown god.
  1577 | D:3      | Noticed Grinder
  1824 | D:3      | Reached XP level 5. HP: 4/38 MP: 5/5
  1825 | D:3      | Incinerated by a bombardier beetle

Illustrated notes

Levels and vault maps discovered:
D:1:      mrwooster_arrival_statue_3, layout_basic, serial_bayou,
          serial_bayou_shore_b, serial_bayou_lagoon_a, serial_bayou_pond_a,
          serial_bayou_ford_a, chequers_serial_rivers_small_a,
          minmay_misc_feat_diagonals, minmay_distorted
D:2:      layout_loops_ring, basic_ecumenical_altar, basic_altar,
          kennysheep_decorative_pillar
D:3:      layout_loops_ring, uniq_grinder, uniq_jessica

Skill      XL: |  1  2  3  4 |
---------------+-------------+-----
Dodging        | 1 2 |  2.0
Stealth        | 1 2 |  2.0
Armour         | 2 |  2.6
Fighting       | 2 |  2.2
Short Blades   | |  0.7
Evocations     | |  4.9

Action                     |  1- 3 |  4- 6 || total
---------------------------+-------+-------++-------
  Melee: Club              |     8 |       ||     8
         Hand axe          |    34 |       ||    34
         Dagger            |    99 |    50 ||   149
         Rapier            |     2 |    53 ||    55
    Use: Potion            |       |     2 ||     2
 Armour: Scale mail        |    49 |    38 ||    87
         Leather armour    |     1 |       ||     1
  Dodge: Dodged            |    41 |    30 ||    71

Table legend: (Time is in decaauts)
 A = Elapsed time spent in this place.
 B = Non-inter-level travel time spent in this place.
 C = Inter-level travel time spent in this place.
 D = Time resting spent in this place.
 E = Time spent auto-exploring this place.
 F = Levels seen in this place.
 G = Mean time per level.
                   A        B        C        D        E       F      G
               +--------+--------+--------+--------+--------+-----+--------+
         Total |   1922 |   1853 |     69 |    238 |   1043 |   3 |  640.7 |
       Dungeon |   1922 |   1853 |     69 |    238 |   1043 |   3 |  640.7 |
               +--------+--------+--------+--------+--------+-----+--------+

Top non-repeatable levels by time:
     D:2: 867 daAuts
     D:1: 838 daAuts
     D:3: 216 daAuts
